 Dungeon Crawl Stone Soup version 0.32-a0-485-g70f7560b1c (webtiles) character file.

Game seed: 428198968335844528

2800 ezpacito the Trooper (level 9, -1/68 HPs)
             Began as a Demonspawn Chaos Knight on Feb 26, 2024.
             Was a Plaything of Xom.
             Slain by a sun demon (18 damage)
             ... summoned by Xom
             ... on level 8 of the Dungeon.
             The game lasted 00:11:15 (5686 turns).

ezpacito the Trooper (Demonspawn Chaos Knight)      Turns: 5686, Time: 00:11:16

Health: -1/68      AC: 13    Str: 16    XL:     9   Next: 44%
Magic:  25/25      EV: 12    Int: 17    God:    Xom [......]
Gold:   70         SH:  4    Dex: 16    Spells: 4/16 levels left

rFire   . . .        a - +0 hand axe (chaos)
rCold   + . .        o - orb {light}
rNeg    . . .        v - +4 ring mail {rC+}
rPois   .            (helmet restricted)
rElec   .            p - +0 cloak
rCorr   +            (no gloves)
SInv    .            s - +1 pair of boots
Will    .....        (no amulet)
Stlth   +            C - ring "Leulykeh" {MP+9 Dex+5}
HPRegen 0.31/turn    F - ring of resist corrosion
MPRegen 0.19/turn

%: no passive effects
@: lethally poisoned (-1 -> -7), about to teleport, glowing
A: antennae 1, powered by death 1, spiny 1, large bone plates 1, clever 1, high
MP 1
a: Renounce Religion


You were on level 8 of the Dungeon.
You worshipped Xom.
You were a very special plaything of Xom.
You visited 2 branches of the dungeon, and saw 9 of its levels.

You collected 320 gold pieces.
You spent 250 gold pieces at shops.

Inventory:

Hand Weapons
 a - a +0 hand axe of chaos (weapon)
 r - a +2 whip of flaming
 u - a +0 broad axe
Missiles
 i - 6 javelins (quivered)
 x - 10 boomerangs
 E - 3 throwing nets
Armour
 g - +0 steam dragon scales
 o - an orb of light (worn)
 p - a +0 cloak (worn)
 s - a +1 pair of boots (worn)
 v - a +4 ring mail of cold resistance (worn)
Magical Staves
 b - a staff of cold
Jewellery
 C - the ring "Leulykeh" (left hand) {MP+9 Dex+5}
   (You found it on level 7 of the Dungeon)

   [ring of magical power]

   Dex+5:     It affects your dexterity (+5).
   MP+9:      It affects your magic capacity (+9).
 F - a ring of resist corrosion (right hand)
Talismans
 c - a serpent talisman
 f - a flux talisman
Wands
 m - a wand of roots (8)
 D - a wand of mindburst (10)
Scrolls
 d - 2 scrolls of blinking {unknown}
 e - 4 scrolls of amnesia
 h - a scroll of immolation {unknown}
 k - 2 scrolls of fog {unknown}
 l - 4 scrolls of teleportation
 n - a scroll of vulnerability
 t - a scroll of noise {unknown}
 y - a scroll of fear {unknown}
 A - a scroll of poison {unknown}
Potions
 j - 2 potions of magic
 q - a potion of ambrosia
 w - a potion of enlightenment {unknown}
 z - 2 potions of brilliance
 B - 3 potions of haste


   Skills:
 * Level 5.5 Fighting
 * Level 4.9(5.2) Axes
 + Level 2.8(4.2) Polearms
 + Level 2.6 Throwing
 * Level 4.4 Armour
 * Level 4.0 Dodging
 + Level 3.2 Stealth
 * Level 3.9 Unarmed Combat
 * Level 4.0 Spellcasting
 + Level 0.4 Hexes
 + Level 0.4 Summonings
 * Level 0.5 Necromancy
 + Level 0.1 Ice Magic
 + Level 2.5 Evocations


You had 4 spell levels left.
You knew the following spells:

 Your Spells              Type           Power      Damage    Failure   Level
a - Call Imp              Summ           8%         N/A       36%         2
b - Ensorcelled Hibernat  Hex/Ice        8%         N/A       36%         2
c - Sublimation of Blood  Necr           5%         N/A       34%         2
d - Passwall              Erth           3%         N/A       63%         3
e - Swiftness             Air            3%         N/A       63%         3

Your spell library contained the following spells:

 Spells                   Type           Power      Damage    Failure   Level
 Petrify                  Alch/Erth      3%         N/A       95%         4
 Irradiate                Conj/Alch      1%         3d12      100%        5
 Summon Hydra             Summ           2%         N/A       100%        7


Dungeon Overview and Level Annotations

Branches:
Dungeon (8/15)             Temple (1/1) D:4
   Lair: D:8-11

Altars:
Ashenzari
Cheibriados
Dithmenos
Fedhas
Gozag
Hepliaklqana
Kikubaaqudgha
Makhleb
Nemelex Xobeh
Okawaru
Qazlal
Ru
Sif Muna
Trog
Uskayaw
Vehumet
Wu Jian
Xom
Yredelemnul

Shops:
D:5 (*!


Innate Abilities, Weirdness & Mutations

You have a pair of small antennae on your head.
You regenerate a little health from kills.
You are partially covered in sharp spines.
You are partially covered in large bone plates. (SH +4)
Your mind is acute. (Int +4, Str/Dex -1)
You have an increased reservoir of magic. (+10% MP)


Message History

E - 2 throwing nets (gained 1)
Things that are here:
a +0 halberd; a gnoll corpse
Things that are here:
a +0 flail; a gnoll corpse
Items here: )))) [.
Your attacks no longer feel as feeble.
E - 3 throwing nets (gained 1) Search for what [Enter for "d:7", or ? for help]? staff
There is a stone staircase leading up here.
There is a stone staircase leading down here.
You see here a staff of cold.
b - a staff of cold
Found a bloodstained altar of Trog.
You hear Xom's maniacal laughter.
You hit the chaos spawn.
The chaos spawn appears confused.
The chaos spawn is lightly wounded.
The chaos spawn pecks you.
You are poisoned.
The chaos spawn poisons you!
You hit the chaos spawn. You freeze the chaos spawn.
The chaos spawn is moderately wounded.
You hit the chaos spawn. You burn the chaos spawn.
You hit the sun demon but do no damage.
The sun demon appears confused.
You closely miss the crimson imp.
You feel very sick. The sun demon is struck by your spines.
The sun demon hits you!
You are engulfed in flames!
The crimson imp is struck by your spines.
The crimson imp completely misses you.
The chaos spawn headbutts you but does no damage.
Okay, then.
Okay, then.
Okay, then.
As you read the scroll of teleportation, it crumbles to dust.
You feel strangely unstable.
You feel sick. The sun demon hits you!
* * * LOW HITPOINT WARNING * * *
You are engulfed in flames!!
You die... "I guess I need a new plaything now."

###.##......))........
#.........####.....###
#.#.#<.#.....#.....#
#.#....#.###.#.....#
#........# #.#.....#
##>....###
#.#..$..##### #.#####
#.#..........
#.#########.####5......
#...#.........4@.......
###.#..[......3.4..#.##
##.#...........5..#
#....###...##........
#....##.......#.#####
#....##.......#...
#....##.......#.#..
#......(......#.#._
#....##.......#


You could see a sun demon (summoned, confused), 2 chaos spawn, an iron imp
(summoned) and a crimson imp (summoned).

Vanquished Creatures
  Grinder (D:2)
  A hornet (D:8)
  A steam dragon (D:7)
  Menkaure (D:6)
  2 water moccasins
  A sky beast (D:7)
  An orc warrior (D:7)
  2 ogres
  A black bear (D:6)
  2 centaurs
  A phantom (D:4)
  4 bullfrogs
  2 scorpions (D:6)
  A howler monkey (D:7)
  A hound (D:5)
  4 jellies
  A gnoll bouda (D:8)
  3 iguanas
  Ijyb (D:3)
  Terence (D:3)
  7 orc wizards
  Natasha (twice) (D:4)
  A sleepcap (D:6)
  9 gnolls
  6 adders
  A shadow imp (D:5)
  3 white imps
  2 ribbon worms
  3 dart slugs
  25 orcs
  12 endoplasms
  2 giant cockroaches (D:1)
  5 goblins
  3 hobgoblins
  5 jackals
  5 kobolds
  7 quokkas
  8 ball pythons
  10 bats
  4 frilled lizards
  2 rats
154 creatures vanquished.

Vanquished Creatures (collateral kills)
  An adder (D:6)
1 creature vanquished.

Vanquished Creatures (others)
  An orc priest (D:3)
  Natasha (D:4)
2 creatures vanquished.

Grand Total: 157 creatures vanquished

Notes
Turn   | Place    | Note
-------+----------+-------------------------------------------
     0 | D:1      | ezpacito the Demonspawn Chaos Knight began the quest for
                  | the Orb.
     0 | D:1      | Reached XP level 1. HP: 18/18 MP: 1/1
    12 | D:1      | Reached skill level 1 in Dodging
   104 | D:1      | Gained mutation: You regenerate a little health from kills.
                  | [demonic ancestry]
   104 | D:1      | Reached XP level 2. HP: 24/24 MP: 2/2
   106 | D:1      | XOM: divination: magic mapping
   733 | D:1      | Reached XP level 3. HP: 29/29 MP: 4/4
   784 | D:1      | XOM: silly message
   993 | D:2      | Reached skill level 1 in Spellcasting
  1075 | D:2      | Found a faded altar of an unknown god.
  1361 | D:3      | Noticed Grinder
  1467 | D:3      | Reached XP level 4. HP: 15/35 MP: 4/6
  1468 | D:2      | XOM: confuse monster(s)
  1470 | D:2      | XOM: summons friendly shadow imp
  1476 | D:2      | HP: 1/52 [Grinder (5)]
  1477 | D:2      | Killed Grinder
  1478 | D:2      | Reached skill level 1 in Polearms
  1478 | D:2      | Reached skill level 1 in Stealth
  1478 | D:2      | Reached skill level 1 in Unarmed Combat
  1478 | D:2      | Gained mutation: You are partially covered in sharp spines.
                  | [demonic ancestry]
  1478 | D:2      | Reached XP level 5. HP: 4/42 MP: 7/7
  1711 | D:3      | Noticed Terence
  1817 | D:3      | Killed Terence
  1818 | D:3      | Reached XP level 6. HP: 44/48 MP: 7/9
  1896 | D:3      | Noticed Ijyb
  1900 | D:3      | XOM: cleaving
  1913 | D:3      | Killed Ijyb
  2392 | D:3      | XOM: divine lightning
  2414 | D:4      | XOM: snakes to sticks
  2427 | D:4      | Noticed Natasha
  2433 | D:4      | a cerulean imp changed into a neqoxec
  2433 | D:4      | Noticed a neqoxec
  2435 | D:4      | Killed Natasha
  2435 | D:4      | XOM: divine lightning
  2554 | D:4      | Found a staircase to the Ecumenical Temple.
  2554 | D:4      | XOM: 5-stop teleportation journey
  2556 | D:4      | Noticed Natasha
  2556 | D:4      | XOM: 8-stop teleportation journey
  2583 | D:4      | Killed Natasha
  2617 | D:4      | Noticed Natasha
  2625 | D:4      | Killed Natasha
  2631 | D:4      | Reached skill level 4 in Fighting
  2631 | D:4      | Gained mutation: You have a pair of small antennae on your
                  | head. [demonic ancestry]
  2631 | D:4      | Reached XP level 7. HP: 42/54 MP: 10/10
  2908 | Temple   | XOM: noise
  2908 | Temple   | Entered the Ecumenical Temple
  2929 | D:5      | Entered Level 5 of the Dungeon
  2987 | D:5      | Found Tuin's General Store.
  2988 | D:5      | Found Evanongull's Weapon Boutique.
  2989 | D:5      | Found Vytsewk's Distillery.
  2992 | D:5      | XOM: confuse monster(s)
  3005 | D:5      | XOM: enchant monster (good)
  3013 | D:5      | Reached skill level 1 in Throwing
  3013 | D:5      | Reached skill level 1 in Evocations
  3208 | D:5      | XOM: 5-stop teleportation journey
  3821 | D:5      | XOM: give mutations
  3821 | D:5      | Gained mutation: You are covered in fur. (AC +1) [Xom's
                  | mischief]
  3821 | D:5      | Gained mutation: You are frail. (-10% HP) [Xom's mischief]
  3821 | D:5      | Gained mutation: You occasionally lose the ability to drink
                  | potions when taking damage. [Xom's mischief]
  3821 | D:5      | Lost mutation: You occasionally lose the ability to drink
                  | potions when taking damage. [Xom's mischief]
  3884 | D:6      | Reached XP level 8. HP: 39/54 MP: 12/12
  4007 | D:6      | Noticed Menkaure
  4013 | D:6      | Killed Menkaure
  4038 | D:6      | XOM: give mutations
  4038 | D:6      | Lost mutation: You are covered in fur. (AC +1) [Xom's
                  | mischief]
  4038 | D:6      | Gained mutation: You are very frail. (-20% HP) [Xom's
                  | mischief]
  4084 | D:6      | XOM: cleaving
  4087 | D:6      | XOM: divination: magic mapping
  4123 | D:6      | XOM: noise
  4161 | D:6      | XOM: summons 4 friendly demons
  4163 | D:6      | XOM: butterfly on damage
  4167 | D:6      | Reached skill level 5 in Fighting
  4382 | D:6      | XOM: summons friendly crimson imp
  4427 | D:6      | Identified the +0 whip of Vynu {holy, Str+2 Stlth+}
  4657 | D:6      | XOM: god gift: shortbow {god gift}
  4688 | D:5      | Bought a potion of curing for 30 gold pieces
  4688 | D:5      | Bought a potion of brilliance for 40 gold pieces
  4688 | D:5      | Bought a potion of haste for 100 gold pieces
  4688 | D:5      | Bought a potion of mutation for 80 gold pieces
  4688 | D:5      | Lost mutation: You are very frail. (-20% HP) [potion of
                  | mutation]
  4688 | D:5      | Lost mutation: You are frail. (-10% HP) [potion of
                  | mutation]
  4688 | D:5      | Gained mutation: You occasionally lose the ability to read
                  | scrolls when taking damage. [potion of mutation]
  4688 | D:5      | Gained mutation: You are partially covered in large bone
                  | plates. (SH +4) [potion of mutation]
  4768 | D:7      | Identified the ring "Leulykeh" {MP+9 Dex+5}
  4832 | D:7      | XOM: god gift: scroll labelled EHAOHI UGUI {god gift}
  4844 | D:7      | Reached XP level 9. HP: 27/68 MP: 14/14
  4848 | D:7      | XOM: scenery: summon butterflies
  5086 | D:7      | Found a basalt altar of Yredelemnul.
  5123 | D:7      | Found a radiant altar of Vehumet.
  5155 | D:7      | XOM: polymorph sky beast -> sky beast
  5470 | D:7      | Learned a level 2 spell: Call Imp
  5473 | D:7      | Learned a level 2 spell: Ensorcelled Hibernation
  5476 | D:7      | Learned a level 2 spell: Sublimation of Blood
  5480 | D:7      | Learned a level 3 spell: Passwall
  5484 | D:7      | Learned a level 3 spell: Swiftness
  5489 | D:7      | XOM: give mutations
  5489 | D:7      | Lost mutation: You occasionally lose the ability to read
                  | scrolls when taking damage. [Xom's mischief]
  5489 | D:7      | Gained mutation: You have an increased reservoir of magic.
                  | (+10% MP) [Xom's mischief]
  5489 | D:7      | Gained mutation: Your mind is acute. (Int +4, Str/Dex -1)
                  | [Xom's mischief]
  5526 | D:8      | Paralysed by a hornet for 1 turns
  5680 | D:8      | Found a bloodstained altar of Trog.
  5683 | D:8      | XOM: summons 5 hostile demons
  5684 | D:8      | Noticed a sun demon
  5686 | D:8      | Slain by a sun demon

Illustrated notes

Levels and vault maps discovered:
D:1:      minmay_arrival_shoal_huts, layout_basic, serial_bayou_lake_a
D:2:      layout_rooms, chequers_ecumenical_altar_island
D:3:      layout_loops_cross, uniq_terence, uniq_grinder, uniq_ijyb
D:4:      layout_rooms, minmay_temple_entry_trees,
          chequers_hall_statues_corner_a, minmay_ruptured, uniq_natasha
D:5:      layout_basic, serial_rivers, chequers_serial_rivers_micro_a,
          chequers_serial_rivers_micro_d, chequers_serial_rivers_small_a,
          chequers_serial_rivers_marsh, minmay_crystal_room,
          nicolae_shop_distant_corner_stores
D:6:      layout_gridville, uniq_menkaure
D:7:      layout_cave_pools, grunt_temple_overflow_open, minmay_splitting_lines,
          minmay_holes
D:8:      layout_basic, mainiacjoe_overflow_cross_hatched,
          hangedman_abyss_or_decor_lesser_grid
Temple:   hellmonk_temple_of_storms

Skill      XL: |  1  2  3  4  5  6  7  8  9 |
---------------+----------------------------+-----
Dodging        | 1 2 3 4 |  4.0
Armour         | 2 3 4 |  4.4
Spellcasting   | 1 2 3 4 |  4.0
Axes           | 3 4 |  4.9
Polearms       | 1 2 |  2.8
Stealth        | 1 2 3 |  3.2
Unarmed Combat | 1 2 3 |  3.9
Fighting       | 4 5 |  5.5
Throwing       | 1 2 |  2.6
Evocations     | 1 2 |  2.5
Hexes          | |  0.4
Summonings     | |  0.4
Necromancy     | |  0.5
Ice Magic      | |  0.1

Action                     |  1- 3 |  4- 6 |  7- 9 || total
---------------------------+-------+-------+-------++-------
  Melee: Hand axe          |   150 |   104 |   182 ||   436
    Use: Potion            |       |     2 |     4 ||     6
         Scroll            |       |     7 |     5 ||    12
   Stab: Sleeping          |     2 |       |       ||     2
         Petrified         |    12 |       |       ||    12
         Confused          |       |     1 |     4 ||     5
         Paralysed         |       |       |     7 ||     7
         Distracted        |       |       |     1 ||     1
         Petrifying        |       |       |     1 ||     1
 Armour: Leather armour    |    90 |     3 |       ||    93
         Skin              |       |     1 |       ||     1
         Chain mail        |       |    76 |    88 ||   164
         Ring mail         |       |       |    78 ||    78
  Dodge: Dodged            |    84 |    24 |   103 ||   211

Table legend: (Time is in decaauts)
 A = Elapsed time spent in this place.
 B = Non-inter-level travel time spent in this place.
 C = Inter-level travel time spent in this place.
 D = Time resting spent in this place.
 E = Time spent auto-exploring this place.
 F = Levels seen in this place.
 G = Mean time per level.
                   A        B        C        D        E       F      G
               +--------+--------+--------+--------+--------+-----+--------+
         Total |   5801 |   5322 |    479 |    332 |   3844 |   9 |  644.6 |
       Dungeon |   5799 |   5320 |    479 |    332 |   3844 |   8 |  724.9 |
        Temple |      1 |      1 |      0 |      0 |      0 |   1 |    1.0 |
               +--------+--------+--------+--------+--------+-----+--------+

Top non-repeatable levels by time:
     D:1: 969 daAuts
     D:6: 900 daAuts
     D:5: 891 daAuts
     D:3: 793 daAuts
     D:7: 773 daAuts
     D:2: 713 daAuts
     D:4: 594 daAuts
     D:8: 163 daAuts
  Temple: 1 daAuts
